 Dungeon Crawl Stone Soup version 0.30.1-11-g7821555f0a (webtiles) character file.

Game seed: 4808030108491499563

33 KittyFluff the Cudgeller (level 3, -6/34 HPs)
             Began as a Gargoyle Berserker on Nov 11, 2023.
             Was a Believer of Trog.
             Mangled by Sigmund
             ... wielding a +0 scythe
              (8 damage)
             ... on level 2 of the Dungeon.
             The game lasted 00:04:26 (1149 turns).

KittyFluff the Cudgeller (Gargoyle Berserker)       Turns: 1149, Time: 00:04:27

Health: -6/34      AC:  7    Str: 22    XL:     3   Next: 29%
Magic:  3/3        EV: 11    Int:  7    God:    Trog [**....]
Gold:   42         SH:  0    Dex:  9    Spells: 2/2 levels left

rFire   . . .        a - +0 mace
rCold   . . .        (no shield)
rNeg    + . .        e - +0 leather armour
rPois   ∞            (no helmet)
rElec   +            (no cloak)
rCorr   .            f - +0 pair of gloves
SInv    .            (no boots)
Will    +....        (no amulet) Stlth
                     g - ring of willpower
HPRegen 0.25/turn    (no ring)
MPRegen 0.08/turn

%: no passive effects
@: berserking, very quick
A: sickness immunity, AC +3, negative energy resistance 1, electricity
resistance, torment resistance 1, petrification resistance
a: Renounce Religion, Berserk, Trog's Hand


You were on level 2 of the Dungeon.
You worshipped Trog.
Trog was pleased with you.
You visited 1 branch of the dungeon, and saw 2 of its levels.

You collected 42 gold pieces.

Inventory:

Hand Weapons
 a - a +0 mace (weapon)
 d - a +0 sling
Missiles
 i - 3 atropa-tipped darts (quivered)
Armour
 e - a +0 leather armour (worn)
 f - a +0 pair of gloves (worn)
Jewellery
 g - a ring of willpower (left hand)
Scrolls
 b - a scroll of identify
 j - a scroll of poison {unknown}
Potions
 c - a potion of heal wounds
 h - a potion of mutation {unknown}


   Skills:
 + Level 3.4 Fighting
 * Level 3.5 Maces & Flails
 * Level 2.8 Armour
 + Level 1.8 Dodging
 + Level 0.9 Stealth


You had 2 spell levels left.
You didn't know any spells.
Your spell library was empty.

Dungeon Overview and Level Annotations

Branches:
Dungeon (2/15)

Altars:

Annotations:
D:2 Sigmund


Innate Abilities, Weirdness & Mutations

You are immune to sickness and miasma.
Your stone body is resilient. (AC +3)
You are immune to poison.
You resist negative energy. (rN+)
You are resistant to electric shocks. (rElec)
You are resistant to unholy torment.
You are immune to petrification.


Message History

You open the door.
Sigmund and a goblin come into view.
Sigmund shouts!
The goblin shouts!
Sigmund gestures at you while chanting. The puff of flame hits you!
The goblin unwields a +0 dagger.
The goblin wields a +0 sling.
The goblin shoots a sling bullet.
The sling bullet barely misses you.
Found a hand axe and a leather armour.
You close the door.
You start resting.
A goblin opens the door.
It is wielding a +0 sling.
The goblin shoots a sling bullet.
The sling bullet hits you but does no damage.
Sigmund casts a spell.
Sigmund flickers and vanishes!
Deactivating autopickup; reactivate with Ctrl-A.
The goblin shoots a sling bullet.
The sling bullet hits you but does no damage.
The goblin shoots a sling bullet.
There is an open door here.
Something hits you but does no damage.
The goblin shoots a sling bullet.
The sling bullet hits you but does no damage.
The goblin shoots a sling bullet.
Something hits you!
You completely miss something.
The goblin shoots a sling bullet.
A red film seems to cover your vision as you go berserk!
You feel yourself moving faster!
You feel mighty! Something hits you.
* * * LOW HITPOINT WARNING * * *
You miss something.
The goblin shoots a sling bullet.
The sling bullet hits you.
* * * LOW HITPOINT WARNING * * *
You hear some strange, mumbled words.
Something tries to affect you, but you resist.
You barely miss something. You miss something. Something hits you.
* * * LOW HITPOINT WARNING * * *
You sock something!
The goblin shoots a sling bullet.
The sling bullet hits you.
* * * LOW HITPOINT WARNING * * *
Something hits you!
You die...

#..........
#......... #..[.....
#############..)....
#....[......# .^...
#...........# .g.
#...........# #{#
#...........# #@#
#...........# #.#
#...........####'####
#............)).....#
'............#)...:.#
#............#......#
#.#..#
#............#......#
#.#..#
###'########.#.#'####
#.#..# #.# #.#.#.#
#.#..


You could see a goblin.

Vanquished Creatures
  3 orcs (D:2)
  2 bats (D:1)
  3 endoplasms
  A giant cockroach (D:2)
  2 goblins
  2 hobgoblins (D:2)
  7 jackals
  2 kobolds (D:1)
  A ball python (D:1)
  2 frilled lizards (D:1)
25 creatures vanquished.

Notes
Turn   | Place    | Note
-------+----------+-------------------------------------------
     0 | D:1      | KittyFluff the Gargoyle Berserker began the quest for the
                  | Orb.
     0 | D:1      | Reached XP level 1. HP: 14/14 MP: 1/1
   221 | D:1      | Reached XP level 2. HP: 19/19 MP: 2/2
   799 | D:2      | Reached XP level 3. HP: 20/23 MP: 3/3
   974 | D:2      | Reached ** piety under Trog
  1133 | D:2      | Noticed Sigmund
  1149 | D:2      | Mangled by Sigmund

Illustrated notes

Levels and vault maps discovered:
D:1:      dpeg_arrival_pits, layout_basic, minmay_misc_feat_secret_circle
D:2:      layout_basic, uniq_sigmund

Action                     || total
---------------------------++-------
  Melee: Mace              ||    81
         Punch             ||     1
 Invoke: Berserk           ||     1
    Use: Scroll            ||     1
 Armour: Leather armour    ||    35
  Dodge: Dodged            ||    62
